 Dungeon Crawl Stone Soup version 0.29.0-4-gdea44cf6ec (webtiles) character file.

Game seed: 17929203818571576344

7 qw the Chopper (level 2, 0/17 HPs)
             Began as a Tengu Warper on Aug 28, 2022.
             Slain by a gnoll
             ... wielding a +0 spear
              (8 damage)
             ... on level 1 of the Dungeon.
             The game lasted 00:00:00 (280 turns).

qw the Chopper (Tengu Warper)                        Turns: 280, Time: 00:00:01

Health: 0/17       AC:  3    Str: 11    XL:     2   Next: 0%
Magic:  6/6        EV: 11    Int: 13    God:
Gold:   8          SH:  0    Dex: 13    Spells: 5/5 levels left

rFire   . . .      SeeInvis .   f - +0 hand axe (drain)
rCold   . . .      Faith    .   (no shield)
rNeg    . . .      Spirit   .   b - +0 leather armour
rPois   .          Reflect  .   (helmet restricted)
rElec   .          Harm     .   (no cloak)
rCorr   .          Rampage  .   (no gloves)
Will    .....                   (boots unavailable)
Stlth   +.........              (no amulet)
HPRegen 0.05/turn               (no ring)
MPRegen 0.10/turn               (no ring)

@: no status effects
A: beak, talons 3
a: no special abilities


You were on level 1 of the Dungeon.
You visited 1 branch of the dungeon, and saw 1 of its levels.

You collected 8 gold pieces.


Innate Abilities, Weirdness & Mutations

You have a beak for a mouth.
You have claws for feet.


   Skills:
 - Level 2.0 Fighting
 + Level 2.9 Axes
 - Level 1.0 Throwing
 - Level 1.1 Armour
 - Level 2.1 Dodging
 - Level 2.0 Spellcasting
 - Level 2.4 Translocations


You had 5 spell levels left.
You didn't know any spells.
Your spell library contained the following spells:

 Spells                   Type           Power      Damage    Failure   Level
 Blink                    Tloc           14%        N/A       19%         2
 Gell's Gravitas          Tloc           7%         N/A       36%         3
 Lesser Beckoning         Tloc           7%         N/A       36%         3
 Teleport Other           Tloc           7%         N/A       36%         3
 Manifold Assault         Tloc           7%         N/A       98%         5

Inventory:

Hand Weapons
 f - a +0 hand axe of draining (weapon)
Armour
 b - a +0 leather armour (worn)
Scrolls
 a - a scroll of amnesia {unknown}
 c - a scroll of blinking
Potions
 e - 2 potions of cancellation {unknown}

Dungeon Overview and Level Annotations

Branches:
Dungeon (1/15)

Altars:


Message History

Throw: boomerang (disperse)
Press: ? - help, Q - select action Shift-Dir - straight line, f/p - endoplasm You throw a boomerang of dispersal.
The boomerang of dispersal hits the endoplasm.
The endoplasm blinks!
The endoplasm is heavily wounded.
You hit the endoplasm.
You kill the endoplasm!
You have reached level 2!
Found an escape hatch in the floor.
a - a scroll labelled FUOP PUZOE You see here a staff of conjuration.
A gnoll and a hobgoblin come into view.
The hobgoblin shouts!
The gnoll shouts!
You hear a shout!
270 ||| Stepping ~*~*~tactically~*~*~ (hiding).
You see here a staff of conjuration.
You start waiting.
A gnoll is nearby!
A goblin comes into view. It is wielding a +0 club.
The goblin shouts!
The gnoll hits you but does no damage.
You hit the gnoll.
The gnoll is heavily wounded.
The gnoll hits you with a +0 spear.
You barely miss the gnoll. You claw the gnoll.
The gnoll is severely wounded.
The gnoll barely misses you.
You closely miss the gnoll. You claw the gnoll.
The gnoll is severely wounded.
The gnoll hits you with a +0 spear.
You barely miss the gnoll. You claw the gnoll, but do no damage.
The gnoll is severely wounded.
The gnoll hits you with a +0 spear.
You hit the gnoll.
The gnoll is severely wounded.
The gnoll closely misses you.
You hit the gnoll but do no damage. You peck the gnoll.
The gnoll is almost dead.
The gnoll hits you with a +0 spear!
You die...

#.# #.### ##%#
#.# .# ...#
#.# ..
############.#
.# #
#........# .#
# #.#####..#
g# # #.# #..#
g# # #.#
#..####g####
## #.#
#..#.|@....#
.####.#
#......>##.#
......#
#.....##.#
.######
#.).......# ##
#...........
#.%.....####
##.......
##...####
#####


You could see a gnoll, a hobgoblin and a goblin.

Vanquished Creatures
  A dart slug (D:1)
  An endoplasm (D:1)
  A giant cockroach (D:1)
  A frilled lizard (D:1)
  A rat (D:1)
5 creatures vanquished.

Notes
Turn   | Place    | Note
-------+----------+-------------------------------------------
     0 | D:1      | qw the Tengu Warper began the quest for the Orb.
     0 | D:1      | Reached XP level 1. HP: 12/12 MP: 4/4
     0 | D:1      | 0 ||| qw: Version: 0.1-a-89-g26bdef1
     0 | D:1      | 0 ||| qw: Game counter: 3081
     0 | D:1      | 0 ||| qw: Always use a shield: true
     0 | D:1      | 0 ||| qw: God list: Okawaru
     0 | D:1      | 0 ||| qw: Allow faded altars: false
     0 | D:1      | 0 ||| qw: Do Orc after D:15 true
     0 | D:1      | 0 ||| qw: Do second Lair branch before Depths: true
     0 | D:1      | 0 ||| qw: Lair rune preference: random
     0 | D:1      | 0 ||| qw: Plans: Normal
     0 | D:1      | 0 ||| PLANNING D:1-11
    72 | D:1      | 72 ||| SWAPPING to +0 hand axe of draining.
    73 | D:1      | 73 ||| DROPPING +0 hand axe.
   118 | D:1      | 118 ||| Stepping ~*~*~tactically~*~*~ (hiding).
   220 | D:1      | 220 ||| Stepping ~*~*~tactically~*~*~ (hiding).
   221 | D:1      | 221 ||| Stepping ~*~*~tactically~*~*~ (hiding).
   261 | D:1      | Reached XP level 2. HP: 17/17 MP: 6/6
   270 | D:1      | 270 ||| Stepping ~*~*~tactically~*~*~ (hiding).
   280 | D:1      | Slain by a gnoll

Levels and vault maps discovered:
D:1:      nagdon_arrival_zigzag_paths, layout_loops_ring,
          hellmonk_ecumenical_altar_zigzags

Action                   || total
-------------------------++-------
Melee: Hand axe          ||    10
       Kick              ||     4
       Peck              ||     2
Throw: Boomerang         ||     7
Armor: Leather armour    ||     4
Dodge: Dodged            ||     2

Table legend:
 A = Non-vault XP
 B = Vault XP
 C = Vault XP percentage of total XP
 D = Non-vault monster count
 E = Vault monster count
 F = Vault count percentage of total count
                 A         B        C        D         E       F
            +---------+---------+-------+---------+---------+-------
      Total |      10 |       0 |   0.0 |       5 |       0 |   0.0
            +---------+---------+-------+---------+---------+-------
        D:1 |      10 |       0 |   0.0 |       5 |       0 |   0.0
            +---------+---------+-------+---------+---------+-------
